 Dungeon Crawl Stone Soup version 0.29.1-15-g9cfb28693d (webtiles) character file.

Game seed: 3616756726787558377

112259 dudediamond6 the Phalangite (level 16, -28/150 HPs)
             Began as a Minotaur Berserker on Feb 27, 2023.
             Was a High Priest of Trog.
             Killed from afar by a deep elf knight (42 damage)
             ... with a shard of ice
             ... on level 2 of the Elven Halls on Feb 28, 2023.
             The game lasted 01:00:40 (28138 turns).

dudediamond6 the Phalangite (Minotaur Berserker)   Turns: 28138, Time: 01:00:40

Health: -28/150    AC: 33    Str: 43    XL:     16   Next: 11%
Magic:  5/5        EV: 10    Int:  4    God:    Trog [*****.]
Gold:   762        SH:  5    Dex: 12    Spells: 15/15 levels left

rFire   . . .      SeeInvis .   q - +3 broad axe (antimagic)
rCold   . . .      Faith    .   (no shield)
rNeg    + . .      Spirit   .   j - +7 plate armour of Cocytus {rPois rN+ Str+3}
rPois   +          Reflect  +   (helmet restricted)
rElec   .          Harm     .   Z - +0 cloak
rCorr   .          Rampage  .   a - +0 pair of gloves
Will    ++++.                   J - +2 pair of boots of the Catfish {Str+6}
Stlth   ..........              R - amulet of reflection
HPRegen 1.35/turn               y - +6 ring of strength
MPRegen 0.09/turn               b - ring of willpower

@: strong-willed, on berserk cooldown, regenerating, studying Maces & Flails
A: horns 2, retaliatory headbutt
a: Renounce Religion, Berserk, Trog's Hand, Brothers in Arms


You were on level 2 of the Elven Halls.
You worshipped Trog.
Trog was extremely pleased with you.
You visited 5 branches of the dungeon, and saw 24 of its levels.
You also visited: Ice Cave.

You collected 2695 gold pieces.
You spent 1933 gold pieces at shops.

Inventory:

Hand Weapons
 m - a +2 glaive of flaming
 q - a +3 antimagic broad axe (weapon)
 C - a +0 vorpal bardiche
 I - a +6 antimagic great mace
 L - a +3 broad axe of protection
Missiles
 w - 4 throwing nets (quivered)
Armour
 a - a +0 pair of gloves (worn)
 h - the +6 plate armour of Feckakho {rF+}
   (You found it on level 6 of the Dungeon)

   rF:        It protects you from fire.
 j - the +7 plate armour of Cocytus (worn) {rPois rN+ Str+3}
   (You found it on level 11 of the Dungeon)

   Str:       It affects your strength (+3).
   rPois:     It protects you from poison.
   rN:        It protects you from negative energy.
 J - the +2 pair of boots of the Catfish (worn) {Str+6}
   (You acquired it on level 2 of the Orcish Mines)

   Str:       It affects your strength (+6).
 Z - a +0 cloak (worn)
Jewellery
 b - a ring of willpower (right hand)
 g - a ring of magical power
 l - a ring of flight
 s - a +4 ring of evasion
 t - a +6 ring of intelligence
 y - a +6 ring of strength (left hand)
 E - a ring of protection from cold
 M - the amulet of the Lich-sworn {Rampage *Corrode +Inv Regen+ Dex+5}
   (You found it on level 11 of the Dungeon)

   [amulet of regeneration]

   Dex:       It affects your dexterity (+5).
   +Inv:      It lets you turn invisible.
   Regen:     It increases your rate of health regeneration.
   *Corrode:  It may corrode you when you take damage.
   Rampage:   It bestows one free step when moving towards enemies.
 P - a ring of ice
 R - an amulet of reflection (around neck)
Wands
 x - a wand of flame (75)
 Q - a wand of paralysis (7)
 S - a wand of mindburst (23)
 X - a wand of polymorph (7)
 Y - a wand of acid (4)
Scrolls
 d - 5 scrolls of blinking
 e - a scroll of butterflies
 o - 3 scrolls of magic mapping
 p - 4 scrolls of brand weapon
 u - 7 scrolls of teleportation
 B - 5 scrolls of enchant armour
 D - 2 scrolls of silence
 F - 5 scrolls of poison
 T - 3 scrolls of enchant weapon
 U - a scroll of fear {unknown}
 W - 2 scrolls of identify
Potions
 c - 3 potions of flight
 f - 2 potions of magic {unknown}
 i - 2 potions of invisibility
 k - 3 potions of lignification {unknown}
 n - 3 potions of attraction {unknown}
 r - a potion of haste
 v - 4 potions of heal wounds
 z - 4 potions of cancellation {unknown}
 A - 6 potions of ambrosia
 G - 4 potions of degeneration {unknown}
 H - a potion of resistance
 K - 5 potions of curing
 O - 3 potions of mutation {unknown}
 V - 3 potions of might {unknown}
Miscellaneous
 N - a lightning rod (4/4)


   Skills:
 + Level 15.7 Fighting
 + Level 12.2(18.1) Axes
 + Level 21.3(22.4) Polearms
 * Level 19.4 Armour
 - Level 2.1 Dodging
 - Level 0.6 Stealth
 - Level 1.0 Evocations


You had 15 spell levels left.
You didn't know any spells.
Your spell library was empty.

Dungeon Overview and Level Annotations

Branches:
Dungeon (14/15)            Temple (1/1) D:7            Lair (5/5) D:8
 Shoals (0/4) Lair:3        Snake (0/4) Lair:3        Slime (0/5) Lair:4
    Orc (2/2) D:11            Elf (2/3) Orc:2        Vaults (0/5) D:14
  IceCv (visited)

Altars:
Ashenzari
Cheibriados
Dithmenos
Elyvilon
Fedhas
Gozag
Hepliaklqana
Kikubaaqudgha
Makhleb
Nemelex Xobeh
Okawaru
Qazlal
Ru
Sif Muna
Trog
Uskayaw
Vehumet
Wu Jian
Xom
Yredelemnul
Zin
The Shining One

Shops:
D:5 ?   Orc:2 ?[(*   Elf:1 :=:

Annotations:
D:5 1 runed translucent door


Innate Abilities, Weirdness & Mutations

You have a pair of horns on your head.
You reflexively headbutt those who attack you in melee.


Message History

You slash something! Your headbutt misses something.
Something hits you but does no damage.
You hear some strange, mumbled words.
A shard of ice appears from out of thin air!
The shard of ice hits you!!
* * * LOW HITPOINT WARNING * * *
You slash something! Your headbutt misses something.
Something hits you but does no damage.
You closely miss something. Your headbutt misses something.
Something hits you but does no damage. Something hits you!
* * * LOW HITPOINT WARNING * * *
You hit something but do no damage. Something hits you.
* * * LOW HITPOINT WARNING * * *
You slash something!
Something hits you but does no damage. x2
You miss something. Your headbutt misses something.
You hear some strange, mumbled words.
A lance of force appears from out of thin air!
The lance of force hits you.
* * * LOW HITPOINT WARNING * * *
You are knocked back by the lance of force.
You slam into the rock wall!
Your skin crawls.
You feel strong-willed.
You hear some strange, mumbled words.
A shard of ice appears from out of thin air!
The shard of ice misses you.
You feel yourself speed up. Something hits you but does no damage.
Items here: $ )) ††.
You hear some strange, mumbled words.
A shard of ice appears from out of thin air!
The shard of ice misses you. Something hits you!
* * * LOW HITPOINT WARNING * * *
You closely miss something. Your headbutt misses something.
Something hits you but does no damage.
You closely miss something. Your headbutt misses something.
You hear some strange, mumbled words.
A shard of ice appears from out of thin air!
The shard of ice hits you!!!
You die...

#####
+##...###
###.)).)..###
#.$.<.......#
#....@{.....#
#...?.)..)..#
#..?.....?..+
#...........#
#...........#
#...........#
###.......###
###...###
#####


There were no monsters in sight!

Vanquished Creatures
  Saint Roka (Orc:2)
  A deep elf elementalist (Elf:1)
  Nessos (D:13)
  A deep elf demonologist (Elf:1)
  2 deep elf annihilators (Elf:1)
  Snorg (Lair:3)
  The ghost of fleeber the Carver, a journeyman MfGl of Qazlal (Lair:2)
  2 fire dragons
  Josephine (D:12)
  Fannar (D:12)
  8 hydras
  A vault guard (D:14)
  A rakshasa (D:13)
  2 centaur warriors (D:14)
  4 boulder beetles
  An ice dragon (Lair:5)
  An ice dragon (shapeshifter) (Elf:1)
  4 two-headed ogres
  3 dancing weapons (Elf:1)
  15 death yaks
  2 orc high priests
  A tengu warrior (D:14)
  8 deep elf knights
  Sonja (D:12)
  A swamp dragon (Lair:5)
  7 deep elf archers
  An orc knight (D:14)
  A lindwurm (Lair:5)
  16 deep elf pyromancers
  11 deep elf zephyrmancers
  The ghost of jtron the Slasher, a novice DsGl of Makhleb (D:5)
  2 orc sorcerers (Orc:2)
  11 ugly things
  3 manticores
  2 cyclopes
  A wolf spider (D:11)
  An elephant (D:8)
  Maurice (D:8)
  3 gargoyles
  2 ice statues (IceCv)
  2 molten gargoyles (Lair:3)
  7 torpor snails
  5 black mambas
  10 cane toads
  2 rime drakes
  A yaktaur (D:14)
  An efreet (D:11)
  2 unseen horrors (D:11)
  8 komodo dragons
  A yaktaur (shapeshifter) (D:14)
  A queen bee (Lair:2)
  A meliai (Lair:2)
  10 hornets
  A meliai (shapeshifter) (D:10)
  11 trolls
  13 blink frogs
  4 tyrant leeches (Lair:5)
  Prince Ribbit (D:7)
  8 polar bears
  6 dream sheep
  2 slime creatures
  An air elemental (Elf:1)
  7 wyverns
  3 shadows (D:11)
  9 wraiths
  54 yaks
  3 basilisks
  A death yak simulacrum (IceCv)
  5 steam dragons
  6 vampire mosquitoes (D:14)
  A warg (Orc:2)
  6 acid dragons
  9 water moccasins
  28 orc warriors
  A swamp drake (Lair:5)
  4 black bears
  A boggart (D:11)
  3 wolves (Lair:1)
  2 phantoms (D:5)
  11 ogres
  5 centaurs
  10 kobold brigands
  7 bullfrogs
  An earth elemental (Elf:1)
  6 gnoll sergeants
  2 necrophages
  2 two-headed ogre simulacra (D:13)
  6 scorpions
  A cane toad simulacrum (IceCv)
  3 wights (D:10)
  19 killer bees
  An elephant simulacrum (D:13)
  7 howler monkeys
  7 hounds
  5 lava snakes (Lair:3)
  13 orc priests
  4 gnoll boudas
  Jessica (D:2)
  5 iguanas
  27 orc wizards
  A spriggan simulacrum (D:13)
  A troll simulacrum (D:13)
  2 polar bear simulacra (IceCv)
  8 adders
  30 gnolls
  3 naga simulacra (D:13)
  A shadow imp (D:8)
  A white imp (D:4)
  2 ufetubi
  A worm (D:2)
  2 dart slugs
  92 orcs
  9 endoplasms
  2 giant cockroaches
  3 goblins
  5 hobgoblins
  6 jackals
  5 quokkas
  7 ball pythons
  6 bats
  2 frilled lizards
  25 kobolds
  5 rats
731 creatures vanquished.

Vanquished Creatures (others)
  A deep elf knight (Elf:1)
  A butterfly (D:6)
  3 fungi
  43 plants
48 creatures vanquished.

Grand Total: 779 creatures vanquished

Notes
Turn   | Place    | Note
-------+----------+-------------------------------------------
     0 | D:1      | dudediamond6 the Minotaur Berserker began the quest for the
                  | Orb.
     0 | D:1      | Reached XP level 1. HP: 19/19 MP: 0/0
   356 | D:1      | Reached XP level 2. HP: 22/26 MP: 1/1
  1284 | D:2      | Found a faded altar of an unknown god.
  1404 | D:2      | Reached skill level 5 in Axes
  1563 | D:2      | Noticed Jessica
  1570 | D:2      | Killed Jessica
  1571 | D:2      | Reached XP level 3. HP: 31/31 MP: 2/2
  1581 | D:2      | Reached ** piety under Trog
  1605 | D:2      | Found an iron altar of Okawaru.
  1664 | D:3      | Reached XP level 4. HP: 25/39 MP: 3/3
  1772 | D:3      | You fall into a shaft and drop 1 floor!
  1803 | D:3      | Reached skill level 1 in Polearms
  2100 | D:3      | Found a basalt altar of Yredelemnul.
  2163 | D:3      | Reached skill level 2 in Polearms
  2163 | D:3      | Reached XP level 5. HP: 45/45 MP: 4/4
  2614 | D:4      | Noticed a black bear
  2618 | D:4      | Killed a black bear
  2619 | D:4      | Reached skill level 1 in Evocations
  2619 | D:4      | Reached XP level 6. HP: 51/51 MP: 5/5
  2875 | D:5      | Entered Level 5 of the Dungeon
  2931 | D:5      | Reached skill level 3 in Polearms
  3280 | D:5      | Found a runed translucent door.
  3283 | D:5      | Noticed jtron's ghost (novice DsGl)
  3327 | D:5      | Reached skill level 4 in Polearms
  3327 | D:5      | Reached XP level 7. HP: 56/58 MP: 6/6
  3356 | D:5      | Reached skill level 5 in Polearms
  3504 | D:5      | Found a runed translucent door.
  3554 | D:5      | Found an iron altar of Okawaru.
  3561 | D:5      | Reached *** piety under Trog
  3631 | D:5      | Found a snail-covered altar of Cheibriados.
  3645 | D:5      | Reached skill level 6 in Polearms
  3755 | D:5      | Found Umoemn's Magic Scroll Shop.
  3763 | D:5      | Bought a scroll of identify for 22 gold pieces
  3763 | D:5      | Bought a scroll of identify for 22 gold pieces
  3763 | D:5      | Bought a scroll of identify for 22 gold pieces
  3930 | D:5      | Killed jtron's ghost
  3931 | D:5      | Reached skill level 5 in Fighting
  3931 | D:5      | Reached skill level 7 in Polearms
  3931 | D:5      | Reached XP level 8. HP: 39/68 MP: 7/7
  4562 | D:6      | Reached skill level 8 in Polearms
  4795 | D:6      | Found a white marble altar of Elyvilon.
  4928 | D:6      | Reached XP level 9. HP: 74/74 MP: 8/8
  5261 | D:6      | Identified the +6 plate armour of Feckakho {rF+}
  5332 | D:7      | Reached skill level 9 in Polearms
  5560 | D:7      | Noticed Prince Ribbit
  5564 | D:7      | Killed Prince Ribbit
  5926 | D:7      | Found a staircase to the Ecumenical Temple.
  6210 | Temple   | Entered the Ecumenical Temple
  6439 | D:8      | Noticed a troll
  6441 | D:8      | Killed a troll
  6442 | D:8      | Reached skill level 10 in Polearms
  6515 | D:8      | Reached skill level 10 in Armour
  6515 | D:8      | Reached XP level 10. HP: 72/84 MP: 9/9
  6518 | D:8      | Reached skill level 11 in Polearms
  6520 | D:8      | Reached **** piety under Trog
  6685 | D:8      | Found a radiant altar of Vehumet.
  6958 | D:8      | Found a staircase to the Lair.
  6958 | D:8      | Noticed an elephant
  6978 | D:8      | Killed an elephant
  6982 | D:8      | Reached skill level 12 in Polearms
  7105 | D:8      | Noticed Maurice
  7115 | D:8      | Killed Maurice
  7338 | D:9      | Found an ancient bone altar of Kikubaaqudgha.
  7530 | D:9      | Noticed a two-headed ogre
  7536 | D:9      | Killed a two-headed ogre
  8075 | D:10     | Entered Level 10 of the Dungeon
  8089 | D:10     | Reached skill level 13 in Polearms
  8231 | D:10     | Reached XP level 11. HP: 92/94 MP: 10/10
  8233 | D:10     | Reached ***** piety under Trog
  8359 | D:10     | Noticed a brown ugly thing
  8361 | D:10     | Found a sacrificial altar of Ru.
  8954 | D:10     | Killed a brown ugly thing
  8955 | D:10     | Reached skill level 14 in Polearms
  9531 | D:10     | Found a shadowy altar of Dithmenos.
  9954 | D:11     | Reached skill level 15 in Polearms
 10015 | D:11     | Noticed a boulder beetle
 10024 | D:11     | Killed a boulder beetle
 10024 | D:11     | Received a gift from Trog
 10285 | D:11     | Noticed a seven-headed hydra
 10291 | D:11     | Killed a five-headed hydra
 10460 | D:11     | Noticed a deep elf pyromancer
 10478 | D:11     | Killed a deep elf pyromancer
 10479 | D:11     | Reached XP level 12. HP: 29/106 MP: 11/11
 10550 | D:11     | Found a staircase to the Orcish Mines.
 10841 | D:11     | Reached skill level 10 in Fighting
 10983 | D:11     | Noticed a two-headed ogre
 10987 | D:11     | Killed a two-headed ogre
 11036 | D:11     | Noticed a boulder beetle
 11044 | D:11     | Reached skill level 16 in Polearms
 11058 | D:11     | Killed a boulder beetle
 11065 | D:11     | Noticed a two-headed ogre
 11068 | D:11     | Killed a two-headed ogre
 11252 | D:11     | Noticed a four-headed hydra
 11255 | D:11     | Killed a two-headed hydra
 11309 | D:11     | Identified the +7 plate armour of Cocytus {rPois rN+ Str+3}
 11328 | D:11     | Identified the amulet of the Lich-sworn {Rampage *Corrode
                  | +Inv Regen+ Dex+5}
 11697 | D:12     | Noticed a two-headed ogre
 11703 | D:12     | Killed a two-headed ogre
 11703 | D:12     | Noticed Fannar
 11715 | D:12     | Killed Fannar
 11887 | D:12     | Reached skill level 17 in Polearms
 11919 | D:12     | Noticed Josephine
 11927 | D:12     | Killed Josephine
 11928 | D:12     | Reached skill level 15 in Armour
 12018 | D:12     | Noticed a seven-headed hydra
 12029 | D:12     | Killed a four-headed hydra
 12030 | D:12     | Reached XP level 13. HP: 116/116 MP: 12/12
 12188 | D:12     | Noticed Sonja
 12194 | D:12     | Killed Sonja
 12378 | D:13     | Noticed Nessos
 12388 | D:13     | Killed Nessos
 12620 | D:13     | Found a frozen archway.
 12664 | IceCv    | Entered an ice cave
 12692 | IceCv    | HP: 4/117 [polar bear simulacrum (10)]
 13069 | IceCv    | Found a transporter.
 13086 | IceCv    | Found a transporter.
 13127 | IceCv    | Identified the +1 ring mail "Zaecuad" {Str+2 SInv}
 13681 | D:14     | Reached skill level 18 in Polearms
 14124 | D:14     | Found a hazy altar of Hepliaklqana.
 14433 | D:14     | Noticed a fire dragon
 14450 | D:14     | Killed a fire dragon
 15004 | D:14     | Found a gate to the Vaults.
 15242 | Lair:1   | Entered Level 1 of the Lair of Beasts
 15255 | Lair:1   | Reached skill level 19 in Polearms
 15593 | Lair:1   | Reached XP level 14. HP: 127/127 MP: 13/13
 16351 | Lair:2   | Noticed fleeber's ghost (journeyman MfGl)
 16387 | Lair:2   | Found a transporter.
 16392 | Lair:2   | Found a transporter.
 16865 | Lair:2   | Killed fleeber's ghost
 17435 | Lair:3   | Found a staircase to the Snake Pit.
 17613 | Lair:3   | Reached skill level 20 in Polearms
 17648 | Lair:3   | Noticed Snorg
 17664 | Lair:3   | Killed Snorg
 18330 | Lair:3   | Found a staircase to the Shoals.
 19512 | Lair:4   | Found a staircase to the Slime Pits.
 20427 | Lair:5   | Entered Level 5 of the Lair of Beasts
 20641 | Lair:5   | Reached XP level 15. HP: 75/139 MP: 14/14
 20891 | Lair:5   | Found a runed translucent door.
 21038 | Lair:5   | Reached skill level 21 in Polearms
 21722 | Lair:5   | Identified the +1 long sword of the Abyss {flame, rC+++}
 22714 | Orc:1    | Entered Level 1 of the Orcish Mines
 22980 | Orc:2    | Entered Level 2 of the Orcish Mines
 23185 | Orc:2    | Received a gift from Trog
 23314 | Orc:2    | Found Wuupauk's Magic Scroll Boutique.
 23319 | Orc:2    | Bought a scroll of identify for 30 gold pieces
 23319 | Orc:2    | Bought a scroll of identify for 30 gold pieces
 23350 | Orc:2    | Found a staircase to the Elven Halls.
 23474 | Orc:2    | Noticed Saint Roka
 23912 | Orc:2    | Killed Saint Roka
 24047 | Orc:2    | Received a gift from Trog
 24065 | Orc:2    | Found Fysmuset's Antique Weapon Shoppe.
 24069 | Orc:2    | Found Ijoaj's Antique Armour Emporium.
 24134 | Orc:2    | Reached skill level 15 in Fighting
 24333 | Orc:2    | Found Estriuneng's General Store.
 24338 | Orc:2    | Bought a scroll of acquirement for 780 gold pieces
 24338 | Orc:2    | Acquired the +2 pair of boots of the Catfish {Str+6}
 24523 | Elf:1    | Entered Level 1 of the Elven Halls
 25039 | Orc:2    | Found a staircase to the Elven Halls.
 25273 | Orc:2    | Found Ijoaj's Antique Armour Emporium.
 25277 | Orc:2    | Found Fysmuset's Antique Weapon Shoppe.
 25338 | Orc:2    | Found Wuupauk's Magic Scroll Boutique.
 25549 | Orc:2    | Found Estriuneng's General Store.
 25675 | Elf:1    | Noticed a storm dragon
 25677 | Elf:1    | a storm dragon changed into something unseen
 26208 | Elf:1    | Reached skill level 10 in Axes
 26453 | Elf:1    | Identified the +6 falchion of Evvunear {drain, Dex+5}
 26464 | Elf:1    | Received a gift from Trog
 26628 | Elf:1    | Paralysed by an air elemental for 1 turns
 26632 | Elf:1    | Paralysed by an air elemental for 1 turns
 26800 | Elf:1    | Noticed an Executioner
 27295 | Elf:1    | Found Cuwasmeqosk's Book Emporium.
 27295 | Elf:1    | Found Sijog's Jewellery Boutique.
 27296 | Elf:1    | Found Vufym's Book Emporium.
 27814 | Elf:1    | Reached XP level 16. HP: 149/149 MP: 5/15
 28039 | Elf:1    | Bought a manual of Maces & Flails for 800 gold pieces
 28042 | Elf:1    | Bought a ring of flight for 227 gold pieces
 28138 | Elf:2    | Killed from afar by a deep elf knight

Illustrated notes

Levels and vault maps discovered:
D:1:      lightli_iron_boxes, layout_loops_ring
D:2:      layout_basic, basic_altar,
          hellmonk_ecumenical_altar_pennies_from_heaven,
          kennysheep_generic_room_11, uniq_jessica
D:3:      layout_rooms, amcnicky_altar_gilded, hangedman_feature_mirror
D:4:      layout_basic
D:5:      layout_gridville, mainiacjoe_overflow_large_starburst, serial_shops,
          shop, ebering_ghost_sewer_f, minmay_fractal_squares_diagonal_5
D:6:      layout_cave_pools, nicolae_elyvilon_peaceful_grove, serial_gnoll_camp,
          gnoll_camp_mini_hut, gnoll_camp_mini_house, gnoll_camp_mini_hut,
          gnoll_camp_medium_02, corexii_corridor_pit
D:7:      layout_gridville, minmay_temple_entry_purple_smoke,
          uniq_prince_ribbit1
D:8:      layout_loops_ring, nicolae_vehumet_altar_sigil, david_lair_generic,
          uniq_maurice
D:9:      layout_irregular_city, lemuel_round_altar
D:10:     layout_basic, lemuel_round_altar, nicolae_ru_great_annihilating_truth,
          grunt_potential
D:11:     minmay_the_grid_plus_closed [minmay_the_grid_embedded,
          minmay_the_grid_garden, minmay_the_grid_stretched_grid,
          minmay_the_grid_tiny_cups,
          minmay_the_grid_prize_four_corners_diamond_b], layout_gridville,
          kennysheep_orc_monster_closet_entryway
D:12:     layout_big_octagon, uniq_sonja, uniq_fannar, uniq_josephine
D:13:     layout_roguey, portal_ice_cave_entry_ice_simulacra, uniq_nessos
D:14:     layout_loops_ring, david_vaults_5, nzn_hepliaklqana_mist_gate
Temple:   eino_narrow_crystal_temple
Lair:1:   layout_hall_layers, st_stairs_10, serial_bayou_shore_a
Lair:2:   layout_hall_layers, gammafunk_ghost_hive,
          hangedman_lair_unloving_vines
Lair:3:   cheibrodos_magma_flow, layout_regular_city, elwin_shoals_entry_rocks,
          dummy_snake_entry, infiniplex_staircase_pool_2, uniq_snorg
Lair:4:   beast_lair_carwin_large_3, layout_layer_cave,
          dpeg_slime_entry_enclosed, hangedman_lair_generics_rect
Lair:5:   guppyfry_lair_end_dragon, layout_hall_layers, wormcave
Orc:1:    layout_caves
Orc:2:    grunt_orc_community_town_hall, layout_diamond_mine,
          grunt_orc_community_big_house_2, grunt_orc_community_big_house_2,
          grunt_orc_community_house_1, grunt_orc_community_house_2,
          grunt_orc_community_house_3, grunt_orc_community_house_3
Elf:1:    layout_geoelf_diagonals, minmay_elf_demonology,
          nicolae_elf_blasts_and_bolts, grunt_megastairs_3, minmay_shop_grove
Elf:2:    elven_hall_of_blades_hangedman_original
          [nicolae_blade_entry_floor_patterns], layout_geoelf_grid,
          serial_shops, shop, shop, st_stairs_9

Skill      XL: |  1  2  3  4  5  6  7  8  9 10 11 12 13 14 15 16 |
---------------+-------------------------------------------------+-----
Axes           | 4 5 6 7 11 12 | 12.2
Polearms       | 2 4 7 8 10 13 15 17 19 20 21 | 21.3
Evocations     | 1 |  1.0
Armour         | 3 6 7 10 11 13 15 16 18 19 | 19.4
Fighting       | 5 6 8 9 11 12 14 15 | 15.7
Dodging        | |  2.1
Stealth        | |  0.6

Action                   |  1- 3 |  4- 6 |  7- 9 | 10-12 | 13-15 | 16-18 || total
-------------------------+-------+-------+-------+-------+-------+-------++-------
Melee: Hand axe          |    43 |       |       |       |       |       ||    43
       Headbutt          |     9 |     7 |    34 |    83 |   206 |     4 ||   343
       Trident           |    20 |   104 |       |       |       |       ||   124
       Punch             |       |     2 |       |       |     3 |       ||     5
       Halberd           |       |    19 |    41 |       |       |       ||    60
       Glaive            |       |       |   171 |   464 |   237 |       ||   872
       Bardiche          |       |       |       |       |   457 |       ||   457
       Broad axe         |       |       |       |       |   418 |    32 ||   450
Invok: Berserk           |       |     2 |     4 |    13 |    22 |     1 ||    42
       Trog's Hand       |       |       |     2 |    10 |    16 |     2 ||    30
  Use: Scroll            |       |       |    10 |     4 |    13 |       ||    27
       Potion            |       |       |       |     2 |    10 |       ||    12
 Stab: Invisible         |       |       |       |     1 |     5 |       ||     6
       Paralysed         |       |       |       |     1 |       |       ||     1
       Distracted        |       |       |       |     1 |       |       ||     1
Armor: Animal skin       |     5 |       |       |       |       |       ||     5
       Plate armour      |    13 |    50 |   170 |   423 |   714 |    32 ||  1402
       Leather armour    |     5 |       |       |       |       |       ||     5
Dodge: Dodged            |    31 |    36 |    79 |   186 |   376 |    12 ||   720
Block: Other             |       |       |       |       |   217 |     8 ||   225
       Reflection        |       |       |       |       |    17 |     2 ||    19
